 Dungeon Crawl Stone Soup version 0.29.1-12-g30fa7ad0bf (webtiles) character file.

Game seed: 11093378818264701193

96 wormed the Trooper (level 4, -6/29 HPs)
             Began as a Kobold Monk on Dec 28, 2022.
             Killed from afar by an orc wizard (9 damage)
             ... with a magic dart
             ... on level 4 of the Dungeon.
             The game lasted 00:04:02 (2819 turns).

wormed the Trooper (Kobold Monk)                    Turns: 2819, Time: 00:04:03

Health: -6/29      AC:  2    Str:  8    XL:     4   Next: 98%
Magic:  4/4        EV: 16    Int: 11    God:
Gold:   119        SH:  0    Dex: 19    Spells: 3/3 levels left

rFire   . . .      SeeInvis .   a - +0 falchion
rCold   . . .      Faith    .   (no shield)
rNeg    . . .      Spirit   .   b - +0 robe
rPois   .          Reflect  .   (no helmet)
rElec   .          Harm     .   (no cloak)
rCorr   .          Rampage  .   (no gloves)
Will    .....                   (no boots)
Stlth   ++........              h - amulet of magic regeneration
HPRegen 0.09/turn               (no ring)
MPRegen 0.49/turn               (no ring)

@: confused
A: small, no large weapons, nightstalker 3
a: no special abilities


You were on level 4 of the Dungeon.
You visited 1 branch of the dungeon, and saw 4 of its levels.

You collected 119 gold pieces.

Inventory:

Hand Weapons
 a - a +0 falchion (weapon)
Missiles
 q - 3 poisoned darts (quivered)
Armour
 b - a +0 robe (worn)
Jewellery
 h - an amulet of magic regeneration (around neck)
 i - a ring of magical power
 m - a ring of flight
Scrolls
 f - a scroll of amnesia {unknown}
 l - a scroll of immolation {unknown}
 n - a scroll of fear {unknown}
 p - a scroll of identify {unknown}
Potions
 c - a potion of ambrosia
 d - a potion of invisibility {unknown}
 e - a potion of resistance {unknown}
 g - 2 potions of curing {unknown}
 j - a potion of mutation {unknown}
 k - a potion of brilliance {unknown}
 o - a potion of cancellation {unknown}


   Skills:
 + Level 4.1 Fighting
 * Level 3.6 Long Blades
 - Level 4.0 Dodging
 - Level 3.0 Stealth


You had 3 spell levels left.
You didn't know any spells.
Your spell library was empty.

Dungeon Overview and Level Annotations

Branches:
Dungeon (4/15)
 Temple: D:4-7

Altars:

Shops:
D:1 !

Annotations:
D:3 Sigmund


Innate Abilities, Weirdness & Mutations

You are small and have problems with some larger weapons.
You are completely attuned to the shadows.


Message History

You barely miss the orc wizard.
The orc wizard is lightly wounded.
The orc wizard points at you and mumbles some strange words.
The magic dart hits you.
You miss the orc wizard.
The orc wizard is lightly wounded.
The orc wizard points at you and mumbles some strange words.
The magic dart hits you!
You bump into the rock wall.
You feel less confused.
The orc wizard gestures at you while chanting.
You are confused.
You bump into the rock wall.
The orc wizard barely misses you.
You closely miss the orc wizard.
The orc wizard is lightly wounded.
The orc wizard hits you but does no damage.
You closely miss the orc wizard.
The orc wizard is lightly wounded.
The orc wizard misses you.
You bump into the rock wall.
The orc wizard hits you with a +0 dagger.
You bump into the rock wall.
You feel less confused.
The orc wizard hits you with a +0 dagger.
The orc wizard casts a spell at you.
You are confused.
The orc wizard casts a spell at you. The magic dart hits you.
* * * LOW HITPOINT WARNING * * *
You are too confused!
You bump into the rock wall.
The orc wizard closely misses you.
You bump into the rock wall.
The orc wizard points at you and mumbles some strange words.
The magic dart hits you.
* * * LOW HITPOINT WARNING * * *
You bump into the rock wall.
The orc wizard misses you.
You're too confused to move!
The orc wizard casts a spell at you. The magic dart hits you!
You die...

... #.# #.# #o# #o#
#o# ##+## #o###
##<..## #@#.##
#.#.....## ##....#
.........## ##......
#.........####......#
+.........'..........
#.........####...#.##
##.......## ##.##.#
##.....## ....
##...## ###


You could see an orc wizard and 3 orcs.

Vanquished Creatures
  5 adders (D:2)
  3 dart slugs
  5 endoplasms
  2 giant cockroaches
  4 goblins
  4 hobgoblins
  7 kobolds
  3 quokkas
  2 ball pythons
  3 bats (D:1)
  3 frilled lizards (D:2)
  4 rats
45 creatures vanquished.

Vanquished Creatures (others)
  2 fungi (D:3)
  A plant (D:3)
3 creatures vanquished.

Grand Total: 48 creatures vanquished

Notes
Turn   | Place    | Note
-------+----------+-------------------------------------------
     0 | D:1      | wormed the Kobold Monk began the quest for the Orb.
     0 | D:1      | Reached XP level 1. HP: 14/14 MP: 1/1
   134 | D:1      | Reached XP level 2. HP: 15/19 MP: 2/2
   140 | D:1      | Found Nimo's Distillery.
   585 | D:1      | Reached XP level 3. HP: 4/23 MP: 3/3
  1444 | D:2      | Reached XP level 4. HP: 29/29 MP: 4/4
  2685 | D:3      | Noticed Sigmund
  2819 | D:4      | Killed from afar by an orc wizard

Illustrated notes

Levels and vault maps discovered:
D:1:      mrwooster_arrival_statue, layout_rooms, serial_shops,
          nicolae_shop_statue_plus, minmay_ruptured
D:2:      layout_basic, minivault_25
D:3:      layout_rooms, dreamdust_ecumenical_altar_grove, uniq_sigmund,
          uniq_jessica
D:4:      layout_loops_corners, grunt_temple_overflow_open, kennysheep_nub,
          grunt_ministairs_12

Skill      XL: |  1  2  3  4 |
---------------+-------------+-----
Stealth        | 3 |  3.0
Dodging        | 4 |  4.0
Long Blades    | 3 |  3.6
Fighting       | 4 |  4.1

Action                   |  1- 3 |  4- 6 || total
-------------------------+-------+-------++-------
Melee: Falchion          |    83 |    57 ||   140
 Stab: Sleeping          |    14 |     5 ||    19
Armor: Robe              |     7 |     4 ||    11
Dodge: Dodged            |    56 |    43 ||    99
